 Dungeon Crawl Stone Soup version 0.21-a0-104-g7b58145 (webtiles) character file.

28053 nubinia the Zephyrmancer (level 13, -6/70 HPs)
             Began as a Tengu Venom Mage on July 4, 2017.
             Was a High Priest of Sif Muna.
             Mangled by an entropy weaver
             ... wielding a +0 long sword
              (9 damage)
             ... on level 3 of the Lair of Beasts on July 5, 2017.
             The game lasted 02:13:07 (20482 turns).

nubinia the Zephyrmancer (Tengu Venom Mage)        Turns: 20482, Time: 02:13:08

Health: -6/70      AC: -6    Str:  9    XL:     13   Next: 36%
Magic:  9/28       EV: 16    Int: 21    God:    Sif Muna [*****.]
Gold:   796        SH: 11    Dex: 18    Spells: 15/33 levels left

rFire    + . .     SeeInvis .   a - +5 short sword (protect)
rCold    . . .     Gourm    .   x - +2 shield
rNeg     . . .     Faith    .   h - +2 robe {MR+}
rPois    +         Spirit   .   (helmet restricted)
rElec    .         Reflect  .   S - +0 cloak
rCorr    .         Harm     .   s - +0 pair of gloves
MR       +....                  (boots unavailable)
Stlth    ++++......             y - amulet of magic regeneration
HPRegen  0.21/turn              R - +4 ring of dexterity
MPRegen  0.46/turn              w - ring of fire

@: corroded, flying quickly and evasively, divine energy, quick
A: beak, talons 3, cold resistance 1, poison resistance, able to fly 1
a: Stop Divine Energy, Channel Magic, Forget Spell, Renounce Religion


You were on level 3 of the Lair of Beasts.
You worshipped Sif Muna.
Sif Muna was extremely pleased with you.
You were not hungry.

You visited 3 branches of the dungeon, and saw 16 of its levels.

You collected 1004 gold pieces.
You spent 208 gold pieces at shops.

Inventory:

Hand Weapons
 a - a +5 short sword of protection (weapon)
 V - the +4 rapier of Theory {chaos, rF+ rC+ rN+}
   (You took it off an orc priest on level 10 of the Dungeon)

   Each time it hits an enemy it has a different, random effect.
   It protects you from fire.
   It protects you from cold.
   It protects you from negative energy.
Armour
 h - a +2 robe of magic resistance (worn)
 i - a +0 robe of resistance
 s - a +0 pair of gloves (worn)
 x - a +2 shield (worn)
 S - a +0 cloak (worn)
Magical Staves
 b - an uncursed staff of wizardry
Jewellery
 w - a ring of fire (right hand)
 y - an amulet of magic regeneration (around neck)
 M - an uncursed ring of protection from fire
 N - an uncursed ring of protection from magic
 R - a +4 ring of dexterity (left hand)
 W - an uncursed ring of ice
 X - an uncursed ring of see invisible
Wands
 L - a wand of clouds (3/9)
 O - a wand of flame (28/48)
 Q - a wand of acid (5/15)
 T - a wand of digging (16/24)
 Z - a wand of disintegration (11/24)
Scrolls
 d - 7 scrolls of identify
 e - a scroll of amnesia
 f - a scroll of holy word
 j - 5 scrolls of remove curse
 k - a scroll of enchant armour
 o - a scroll of magic mapping
 p - 3 scrolls of teleportation
 q - 6 scrolls of immolation
 J - a scroll of recharging {unknown}
 U - a scroll of noise {unknown}
 Y - 3 scrolls of blinking
Potions
 g - 4 potions of curing
 l - a potion of lignification
 m - 4 potions of brilliance
 n - 2 potions of might
 u - 6 potions of agility
 z - a potion of heal wounds {unknown}
 A - 2 potions of flight
 D - 2 potions of resistance {unknown}
 F - 4 potions of haste {unknown}
 I - 2 potions of mutation
 P - 2 potions of degeneration {unknown}
Books
 r - a book of the Earth

   Spells                             Type                      Level
   a - Leda's Liquefaction            Hexes/Earth                  4
   b - Bolt of Magma                  Conjuration/Fire/Earth       5
   c - Statue Form                    Transmutation/Earth          6
   d - Iron Shot                      Conjuration/Earth            6
   e - Shatter                        Earth                        9
Miscellaneous
 C - a fan of gales
Comestibles
 c - 16 bread rations
 v - 5 meat rations
 G - 43 fruits


   Skills:
 + Level 3.8 Fighting
 + Level 7.2 Short Blades
 + Level 4.9 Dodging
 + Level 7.2 Stealth
 + Level 4.7 Shields
 + Level 10.5 Spellcasting
 * Level 12.2 Conjurations
 * Level 3.4 Necromancy
 + Level 1.5 Fire Magic
 + Level 14.0 Air Magic
 - Level 3.7 Poison Magic
 + Level 0.2 Evocations


You had 15 spell levels left.
You knew the following spells:

 Your Spells              Type           Power        Failure   Level  Hunger
a - Magic Dart            Conj           ####         1%          1    None
b - Airstrike             Air            ######....   1%          4    ##.....
c - Mephitic Cloud        Conj/Pois/Air  ######..     1%          3    None
e - Conjure Flame         Conj/Fire      ######..     4%          3    None
f - Force Lance           Conj/Tloc      #####...     19%         4    ##.....
p - Poisonous Vapours     Pois/Air       #####.       1%          2    None
S - Animate Skeleton      Necr           N/A          5%          1    None


Dungeon Overview and Level Annotations

Branches:
Dungeon (11/15)            Temple (1/1) D:6            Lair (4/6) D:10
  Swamp (0/4) Lair:4       Spider (0/4) Lair:2
    Orc: D:9-12

Altars:
Ashenzari
Dithmenos
Elyvilon
Hepliaklqana
Kikubaaqudgha
Nemelex Xobeh
Okawaru
Qazlal
Sif Muna
Vehumet
Xom
Yredelemnul
Zin
The Shining One

Shops:
D:7 !

Annotations:
D:3 pedritolo's ghost, amateur OpCK
D:10 exclusion: door
D:11 exclusion: player ghost, 4thArraOfDagon's ghost, journeyman DgSu
Lair:4 Nergalle


Innate Abilities, Weirdness & Mutations

You have a beak for a mouth.
You have claws for feet.
You can fly.
Your flesh is cold resistant. (rC+)
Your system is resistant to poisons. (rPois)


Message History

The lance of force misses the entropy weaver.
Sif Muna grants you divine energy.
You briefly lose access to your magic!
The entropy weaver hits you with a long sword!
* * * LOW HITPOINT WARNING * * *
The entropy weaver hits you with a long sword!
* * * LOW HITPOINT WARNING * * *
You block the entropy weaver's attack.
The entropy weaver completely misses you.
Okay, then.
Okay, then.
Okay, then.
The entropy weaver mumbles some strange words.
The entropic weave corrodes you!
You regain access to your magic.
You block the entropy weaver's attack. The entropy weaver closely misses you.
The entropy weaver hits you with a long sword.
* * * LOW HITPOINT WARNING * * *
The entropy weaver hits you with a long sword!
You die...

...........# #..#
....._.....# #..# ####
...........# #..#####..#
..P.....P..# #........##
..##..#....# #........#
...#..#....# #....#.###
...........# ###..#####
...........# #P....#
....####...# ##.@.## ..###
#...## ##a.# ..#
##...####..#
..#######..###....# ######
.....#.#....#.#...###.##P#
.........................#
........................##
.##.....#.###.#...#..##.#
#####....## ###..########


You could see an entropy weaver.

Vanquished Creatures
  An entropy weaver (Lair:4)
  Harold (Lair:2)
  3 hydras
  A two-headed ogre (D:10)
  A death yak (Lair:2)
  Urug (D:10)
  An unseen horror (D:10)
  A manticore (D:8)
  Joseph (D:8)
  7 spiny frogs
  A rime drake (Lair:2)
  4 komodo dragons
  A jumping spider (Lair:2)
  A troll (D:10)
  2 hornets
  4 blink frogs (Lair:4)
  6 hippogriffs
  3 redbacks (Lair:2)
  33 yaks
  2 wyverns (Lair:4)
  3 basilisks
  A hungry ghost (D:9)
  4 vampire mosquitoes (Lair:4)
  A steam dragon (Lair:3)
  2 wargs
  8 water moccasins
  5 porcupines
  4 sky beasts
  2 ice beasts
  A black bear (Lair:2)
  7 orc warriors
  2 phantoms (D:4)
  5 ogres
  8 crocodiles
  2 centaurs
  9 bullfrogs
  6 big kobolds
  Blork the orc (D:6)
  A wyvern zombie (D:8)
  A water moccasin zombie (D:9)
  4 scorpions
  5 killer bees (D:10)
  4 wights (D:9)
  6 electric eels (D:8)
  3 howler monkeys
  A quasit (D:10)
  A bullfrog zombie (D:8)
  2 crimson imps
  10 orc priests
  3 hounds
  4 jellies
  A gnoll shaman (D:9)
  A centaur skeleton (D:6)
  2 iguanas (D:6)
  7 orc wizards
  11 worker ants
  A hound skeleton (D:6)
  A worker ant zombie (D:5)
  8 gnolls (D:9)
  15 adders
  2 oozes (D:1)
  2 adder skeletons
  3 worms
  A dart slug (D:1)
  3 leopard geckos
  38 orcs
  4 giant cockroaches
  6 goblins
  6 hobgoblins
  9 jackals
  6 quokkas
  9 bats
  7 frilled lizards
  30 kobolds
  A leopard gecko skeleton (D:6)
  A quokka zombie (D:5)
  8 rats
374 creatures vanquished.

Vanquished Creatures (collateral kills)
  2 death yaks (Lair:3)
  A black mamba (Lair:3)
  3 yaks
  2 worker ants (Lair:4)
8 creatures vanquished.

Vanquished Creatures (others)
  A killer bee (D:10)
  3 fungi
  A plant (Lair:4)
5 creatures vanquished.

Grand Total: 387 creatures vanquished

Notes
Turn   | Place    | Note
-------+----------+-------------------------------------------
     0 | D:1      | nubinia the Tengu Venom Mage began the quest for the Orb.
     0 | D:1      | Reached XP level 1. HP: 10/10 MP: 4/4
   403 | D:1      | Reached XP level 2. HP: 11/15 MP: 1/6
   471 | D:1      | Learned a level 2 spell: Poisonous Vapours
   804 | D:1      | Reached XP level 3. HP: 19/19 MP: 7/7
  1329 | D:2      | Reached XP level 4. HP: 12/24 MP: 2/8
  1500 | D:2      | Learned a level 3 spell: Mephitic Cloud
  1714 | D:2      | Reached skill level 1 in Air Magic
  1815 | D:2      | Reached skill level 2 in Air Magic
  2191 | D:3      | Reached skill level 3 in Air Magic
  2191 | D:3      | Gained mutation: You can fly. [Tengu growth]
  2191 | D:3      | Reached XP level 5. HP: 28/28 MP: 4/9
  2212 | D:3      | Noticed pedritolo's ghost (amateur OpCK)
  2635 | D:3      | Learned a level 1 spell: Magic Dart
  2930 | D:4      | Noticed a phantom
  2942 | D:4      | Killed a phantom
  2942 | D:4      | Reached skill level 1 in Short Blades
  3010 | D:4      | Reached XP level 6. HP: 33/33 MP: 7/10
  3323 | D:4      | Reached skill level 4 in Air Magic
  3393 | D:4      | Noticed a phantom
  3445 | D:4      | Killed a phantom
  3445 | D:4      | Reached XP level 7. HP: 29/37 MP: 2/12
  3774 | D:5      | Entered Level 5 of the Dungeon
  3830 | D:5      | Found a shimmering altar of Xom.
  4244 | D:5      | Noticed Blork the orc
  5298 | D:5      | Learned a level 3 spell: Conjure Flame
  5393 | D:5      | Reached skill level 1 in Fighting
  5393 | D:5      | Reached XP level 8. HP: 43/43 MP: 8/14
  5773 | D:6      | Killed Blork the orc
  5773 | D:6      | Reached skill level 5 in Conjurations
  5796 | D:6      | Found an iron altar of Okawaru.
  5904 | D:6      | Reached skill level 5 in Air Magic
  6199 | D:6      | Reached skill level 5 in Spellcasting
  6208 | D:6      | Reached skill level 1 in Fire Magic
  6374 | D:6      | Reached XP level 9. HP: 38/48 MP: 17/17
  6540 | D:6      | Found a staircase to the Ecumenical Temple.
  6549 | Temple   | Entered the Ecumenical Temple
  6606 | Temple   | Became a worshipper of Sif Muna the Loreminder
  6818 | D:7      | Identified the Reference Book on Damaging Feathers
  6825 | D:7      | Learned a level 4 spell: Airstrike
  6902 | D:7      | Reached skill level 6 in Air Magic
  7194 | D:7      | Found Ifoled's Distillery.
  7205 | D:7      | Bought 2 potions of mutation for 208 gold pieces
  7205 | D:7      | Gained mutation: Your flesh is cold resistant. (rC+) [potion of mutation]
  7205 | D:7      | Gained mutation: Your system is resistant to poisons. (rPois) [potion of mutation]
  7340 | D:7      | Reached skill level 7 in Air Magic
  7821 | D:8      | HP: 2/48 [wyvern zombie (12)]
  8263 | D:8      | Reached skill level 8 in Air Magic
  8381 | D:7      | Reached * piety under Sif Muna
  8724 | D:8      | Reached skill level 9 in Air Magic
  9050 | D:8      | Reached skill level 5 in Short Blades
  9596 | D:8      | Reached skill level 5 in Stealth
  9668 | D:8      | Noticed Joseph
  9692 | D:8      | Killed Joseph
  9692 | D:8      | Reached ** piety under Sif Muna
  9692 | D:8      | Reached skill level 10 in Air Magic
  9692 | D:8      | Reached XP level 10. HP: 35/53 MP: 2/20
  9956 | D:8      | Noticed a manticore
  9968 | D:8      | Killed a manticore
 10634 | D:8      | Upgraded the game from 0.21-a0-95-g06f091e to 0.21-a0-104-g7b58145
 10720 | D:9      | Found a shattered altar of Ashenzari.
 10894 | D:9      | Found a glowing silver altar of Zin.
 11526 | D:9      | Reached *** piety under Sif Muna
 11589 | D:9      | Reached skill level 11 in Air Magic
 12760 | D:10     | Entered Level 10 of the Dungeon
 12769 | D:10     | Reached XP level 11. HP: 53/58 MP: 10/23
 12895 | D:10     | Reached skill level 1 in Shields
 13032 | D:10     | Reached **** piety under Sif Muna
 13189 | D:10     | Got a slimy rapier {chaos}
 13243 | D:10     | Identified the +4 rapier of Theory {chaos, rF+ rC+ rN+} (You took it off an orc priest on level 10 of the Dungeon)
 13745 | D:10     | You are sucked into a shaft!
 13745 | D:11     | Found a sparkling altar of Nemelex Xobeh.
 13815 | D:11     | Noticed 4thArraOfDagon's ghost (journeyman DgSu)
 13895 | D:10     | Noticed Urug
 13908 | D:10     | Killed Urug
 13948 | D:10     | Found a staircase to the Lair.
 14111 | D:10     | Noticed a two-headed ogre
 14127 | D:10     | Killed a two-headed ogre
 14280 | Lair:1   | Entered Level 1 of the Lair of Beasts
 14705 | Lair:1   | Reached skill level 12 in Air Magic
 14997 | Lair:1   | Reached skill level 10 in Conjurations
 15154 | Lair:1   | Noticed a four-headed hydra
 15332 | Lair:2   | Noticed Harold
 15426 | Lair:2   | Reached ***** piety under Sif Muna
 15430 | Lair:2   | Found a hole to the Spider Nest.
 15456 | Lair:1   | Noticed a five-headed hydra
 15465 | Lair:1   | Killed a five-headed hydra
 15465 | Lair:1   | Received a gift from Sif Muna
 15465 | Lair:1   | Reached XP level 12. HP: 57/64 MP: 2/25
 15828 | Lair:1   | Identified Sif Muna's Compendium of the Glacier and Sinister Arts (Sif Muna gifted it to you on level 1 of the Lair of Beasts)
 15834 | Lair:1   | Learned a level 4 spell: Force Lance
 16466 | Lair:2   | Noticed a five-headed hydra
 16473 | Lair:2   | Killed a five-headed hydra
 16473 | Lair:2   | Reached skill level 13 in Air Magic
 17306 | Lair:2   | Killed Harold
 17374 | Lair:3   | Noticed a death yak
 17376 | Lair:3   | Noticed a death yak
 17378 | Lair:3   | Noticed a death yak
 17427 | Lair:2   | Killed a death yak
 17512 | Lair:3   | Killed a death yak
 17518 | Lair:3   | Killed a death yak
 17625 | Lair:3   | Noticed a four-headed hydra
 17637 | Lair:3   | Killed a four-headed hydra
 17862 | Lair:2   | Reached skill level 10 in Spellcasting
 17930 | Lair:2   | Received a gift from Sif Muna
 18004 | Lair:2   | Learned a level 1 spell: Animate Skeleton
 18258 | Lair:3   | Found a glowing golden altar of the Shining One.
 18290 | Lair:3   | Reached XP level 13. HP: 69/69 MP: 28/28
 18560 | Lair:3   | Reached skill level 1 in Necromancy
 19036 | Lair:4   | Noticed Nergalle
 19509 | Lair:4   | Reached skill level 14 in Air Magic
 19791 | Lair:4   | Noticed an entropy weaver
 19821 | Lair:4   | Found a staircase to the Swamp.
 19940 | Lair:4   | Noticed an entropy weaver
 19948 | Lair:4   | Killed an entropy weaver
 20482 | Lair:3   | HP: 3/70 [entropy weaver/long sword (6)]
 20482 | Lair:3   | Mangled by an entropy weaver

Vault maps used:
D:1:      lightli_arrival_boilingwater
D:2:      minmay_pentomino_u4
D:5:      first_bread, tgw_xom, uniq_blork_the_orc
D:6:      minmay_temple_entry_poolview, kennysheep_okawaru_gauntlet
D:7:      serial_shops, shop
D:8:      cheibrodos_two_vegetables, blue_anna_alchemist, minivault_27,
          grunt_tough_drop, uniq_joseph
D:9:      evilmike_ruin_ashenzari, basic_altar
D:10:     erik_lair_orcish_takeover, uniq_urug
D:11:     basic_altar, minmay_ruined_shrine
Temple:   minmay_crystal_snake_temple
Lair:1:   serial_bayou_shore_a
Lair:2:   spider_nest_entry_a, uniq_harold
Lair:3:   basic_altar, infiniplex_staircase_pool
Lair:4:   minmay_swamp_entry_swarm, minivault_25, minmay_another_anthill,
          lemuel_fruit_tree, uniq_nergalle

Skill      XL: |  1  2  3  4  5  6  7  8  9 10 11 12 13 |
---------------+----------------------------------------+-----
Conjurations   | 2 3 4 6 7 8 10 11 12 | 12.2
Air Magic      | 3 4 5 10 11 12 13 14 | 14.0
Short Blades   | 1 2 4 5 6 7 |  7.2
Spellcasting   | 3 5 6 7 8 10 | 10.5
Stealth        | 3 4 5 6 7 |  7.2
Dodging        | 3 4 |  4.9
Fighting       | 1 2 3 |  3.8
Fire Magic     | 1 |  1.5
Shields        | 4 |  4.7
Necromancy     | 3 |  3.4
Poison Magic   | |  3.7
Evocations     | |  0.2

Action                   |  1- 3 |  4- 6 |  7- 9 | 10-12 | 13-15 || total
-------------------------+-------+-------+-------+-------+-------++-------
Melee: Unarmed           |     7 |       |       |       |       ||     7
       Short sword       |    56 |    79 |   220 |   439 |   108 ||   902
       Kick              |    15 |    16 |    54 |   139 |    34 ||   258
       Peck              |     2 |    10 |    30 |    87 |    26 ||   155
 Cast: Sting             |    26 |    13 |    26 |     3 |       ||    68
       Poisonous Vapours |     4 |    15 |    69 |   134 |    31 ||   253
       Magic Dart        |       |    18 |    14 |     4 |     3 ||    39
       Mephitic Cloud    |       |       |    14 |    26 |     1 ||    41
       Conjure Flame     |       |       |     1 |     1 |       ||     2
       Airstrike         |       |       |     9 |   129 |    58 ||   196
       Force Lance       |       |       |       |     6 |     8 ||    14
       Animate Skeleton  |       |       |       |     6 |     4 ||    10
Invok: Divine Energy     |       |       |     1 |       |       ||     1
 Abil: Fly               |       |     9 |    37 |    52 |     9 ||   107
Evoke: Wand              |       |       |       |     4 |       ||     4
  Use: Scroll            |     1 |     6 |     4 |    15 |     1 ||    27
       Potion            |       |     2 |     3 |     1 |     1 ||     7
 Stab: Sleeping          |     2 |     6 |    12 |     8 |       ||    28
       Confused          |       |       |     7 |    24 |     1 ||    32
       Distracted        |       |       |       |     1 |       ||     1
  Eat: Chunk             |     2 |     9 |    24 |    40 |     8 ||    83
       Fruit             |       |       |     1 |       |       ||     1
       Royal jelly       |       |       |     1 |     3 |       ||     4
       Meat ration       |       |       |       |       |     1 ||     1
Armor: Robe              |    32 |    14 |    49 |    63 |     7 ||   165
Dodge: Dodged            |    43 |    41 |    88 |   177 |    71 ||   420
Block: Shield            |       |       |       |   121 |    57 ||   178
